Influenza vs Carnivores

Created - 19 février 2017 at 20:04

Goals
1 2 3 T
Influenza 0 2 0 2
Carnivores 0 2 1 3
Shots
1 2 3 T
Influenza 3 13 10 26
Carnivores 12 12 4 28

1st period

No Goal

Penalties :
Mathieu Carle (VJB) for Holding (Minor) at 7:37

2nd period

1. Influenza , Mathieu Carle 7 (Jamie Benn) at 2:26 (PP)
2. Carnivores , Chris Lawrence 22 (Jeremy Welsh, Nate Schmidt) at 4:11
3. Carnivores , Colton Orr 13 (Lane MacDermid, Blake Geoffrion) at 7:57
4. Influenza , T.J Galiardi 21 (John Klingberg) at 18:20

Penalties :
Mikael Granlund (Bre) for Slashing (Minor) at 1:37, Zack Smith (Bre) for Slashing (Minor) at 9:04, Jeremy Welsh (Bre) for Holding (Minor) at 15:26

3rd period

5. Carnivores , Blake Geoffrion 29 (Mikael Granlund, Brendan Gallagher) at 8:05

Penalties :
Sasha Pokulok (Bre) for Hooking (Minor) at 2:52, Mattias Backman (Bre) for Holding Stick (Minor) at 12:58

Goalie Stats

Thomas McCollum (VJB), 25 saves from 28 shots - (0,893), L, 22-12-2, 59:14 minutes
Chad Johnson (Bre), 24 saves from 26 shots - (0,923), W, 20-9-3, 60:00 minutes

Players Stats for Influenza

Player Name              G  A  P  +/- PIM S  H  SB GA TA FO     MP     PP MP  PK MP  
------------------------------------------------------------------------------------
Ben Smith                0  0  0  -2  0   2  2  0  1  0  0/0    20:13   3:45   1:00 
Carl Gunnarsson          0  0  0  -2  0   1  1  0  0  0  0/0    21:00   3:19   0:47 
Charlie Coyle            0  0  0   1  0   0  0  0  0  0  1/3    12:04   0:00   0:42 
Corey Tropp              0  0  0   0  0   0  0  0  0  0  0/0     7:56   0:00   0:00 
Evgeny Grachev           0  0  0  -2  0   1  2  1  1  1  12/26  21:21   3:45   0:59 
Jamie Benn               0  1  1  -2  0   2  2  0  0  1  1/2    22:09   5:00   0:55 
Jeff May                 0  0  0  -1  0   0  1  1  0  1  0/0    13:00   0:00   1:12 
Jeremy Morin             0  0  0   1  0   3  0  0  0  0  0/0    11:22   0:00   0:00 
John Klingberg           0  1  1   1  0   6  3  3  0  2  0/0    27:43   5:26   1:20 
Jordan Schroeder         0  0  0   0  0   1  0  0  0  0  1/4     7:56   0:00   0:00 
Mark Scheifele           0  0  0  -1  0   0  2  0  1  0  5/16   18:39   5:00   0:18 
Martins Karsums          0  0  0  -1  0   3  4  0  1  0  0/1    19:07   5:00   0:00 
Mathieu Carle            1  0  1   1  2   1  2  2  1  0  0/0    26:22   5:26   0:00 
Matt Corrente            0  0  0  -2  0   2  4  0  0  2  0/0    20:13   3:19   0:00 
Robbie Earl              0  0  0  -1  0   0  2  0  0  1  1/2    17:33   3:45   0:04 
Ryan Russell             0  0  0   0  0   3  1  0  2  0  0/0     7:56   0:00   0:00 
T.J Galiardi             1  0  1   1  0   1  1  0  1  1  0/0    11:22   0:00   0:00 
Tim Erixon               0  0  0  -1  0   0  1  0  0  0  0/0    12:04   0:00   0:39 

Players Stats for Carnivores

Player Name              G  A  P  +/- PIM S  H  SB GA TA FO     MP     PP MP  PK MP  
------------------------------------------------------------------------------------
Anton Gustafsson         0  0  0   1  0   1  2  2  1  0  10/16  19:57   0:54   5:22 
Blake Geoffrion          1  1  2   0  0   4  2  0  1  0  1/1    17:44   1:01   0:00 
Bobby Sanguinetti        0  0  0   0  0   2  2  1  2  2  0/0    23:10   0:53   2:28 
Brendan Gallagher        0  1  1   0  0   0  1  0  1  0  2/2    20:01   1:01   2:17 
Chris Lawrence           1  0  1   1  0   1  2  0  0  0  0/0    13:37   0:54   0:00 
Colton Orr               1  0  1   1  0   5  1  1  1  0  0/1    12:35   0:04   1:18 
Frederic St-Denis        0  0  0   0  0   1  0  1  1  0  0/0     9:53   0:00   0:00 
Jeremy Welsh             0  1  1   1  2   1  1  0  0  0  0/1    13:32   0:54   0:00 
Lane MacDermid           0  1  1   1  0   4  3  1  0  0  0/0    16:34   0:04   5:10 
Mark MacMillan           0  0  0   0  0   0  0  0  0  0  0/0     8:16   0:00   0:00 
Markus Granlund          0  0  0   1  0   0  1  0  0  0  3/5    11:26   0:04   0:00 
Mat Clark                0  0  0   0  0   0  1  2  0  3  0/0    11:25   1:06   0:09 
Mattias Backman          0  0  0   0  2   0  0  0  0  0  0/0     5:32   0:00   0:09 
Michael Schumacher       0  0  0   0  0   0  0  0  0  0  0/0     9:09   0:00   0:52 
Mikael Granlund          0  1  1   0  2   3  3  0  0  0  14/23  17:17   1:01   0:39 
Nate Schmidt             0  1  1   0  0   0  1  4  0  0  0/0    23:48   0:53   3:06 
Phil Oreskovic           0  0  0   2  0   1  0  0  0  2  0/0    21:25   1:06   6:08 
Sasha Pokulok            0  0  0   2  2   0  0  1  0  1  0/0    18:58   0:00   4:45 
Zach Jones               0  0  0   0  0   0  0  1  0  0  0/0     5:51   0:00   0:45 
Zack Smith               0  0  0   0  2   5  1  0  2  0  3/5    11:00   0:00   1:52 

3 Stars

1 - Blake Geoffrion (Bre)
2 - Chris Lawrence (Bre)
3 - Colton Orr (Bre)

Power Play

Influenza - 1 on 5 Attempt(s) - 20,00%
Carnivores - 0 on 1 Attempt(s) - 0,00%

Penalty Kill

Influenza - 1 on 1 Attempt(s) - 100,00% - Score 0 goal in Penalty Kill
Carnivores - 4 on 5 Attempt(s) - 80,00% - Score 0 goal in Penalty Kill

Team Stat

Influenza - Hits : 28 - Faceoff Wins : 21 - Blocked Shots : 7 - Penalty Minutes : 2
Carnivores - Hits : 21 - Faceoff Wins : 33 - Blocked Shots : 14 - Penalty Minutes : 10

Official

Referees : Lee Chris and Jackson Dave
Linesman : Tim Nowak and Steve Barton

Game Notes

No Game Note

Finance

Level 1 -- Attendance: 1587 (79,35%) -- Ticket Income 63 480 $
Level 2 -- Attendance: 777 (77,70%) -- Ticket Income 15 540 $
Total Attendance: 2364 (78,80%)
Total Ticket Income: 79 020 $
Other Income: 3 951 $
Total Income: 82 971 $

Influenza

5 vs 5 Forward 
   Center                   Left Wing                Right Wing               Time % Phy DF OF 
 1 Evgeny Grachev           Jamie Benn               Ben Smith                40     1   2  2  
 2 Mark Scheifele           Robbie Earl              Martins Karsums          30     1   2  2  
 3 Charlie Coyle            T.J Galiardi             Jeremy Morin             20     1   2  2  
 4 Jordan Schroeder         Ryan Russell             Corey Tropp              10     1   2  2  

5 vs 5 Defense 
   Defense                  Defense                                           Time % Phy DF OF 
 1 John Klingberg           Mathieu Carle                                     40     1   2  2  
 2 Carl Gunnarsson          Matt Corrente                                     30     1   2  2  
 3 Tim Erixon               Jeff May                                          20     1   2  2  
 4 John Klingberg           Mathieu Carle                                     10     1   2  2  

PowerPlay Forward 
   Center                   Left Wing                Right Wing               Time % Phy DF OF 
 1 Mark Scheifele           Jamie Benn               Martins Karsums          60     1   2  2  
 2 Evgeny Grachev           Robbie Earl              Ben Smith                40     1   2  2  

PowerPlay Defense
   Defense                  Defense                                           Time % Phy DF OF 
 1 John Klingberg           Mathieu Carle                                     60     1   2  2  
 2 Carl Gunnarsson          Matt Corrente                                     40     1   2  2  

Penalty Kill 4 Players Forward 
   Center                   Wing                     Time % Phy DF OF 
 1 Evgeny Grachev           Ben Smith                60     1   2  2  
 2 Charlie Coyle            Jamie Benn               40     1   2  2  

Penalty Kill 4 Players Defense
   Defense                  Defense                  Time % Phy DF OF 
 1 John Klingberg           Mathieu Carle            60     1   2  2  
 2 Carl Gunnarsson          Matt Corrente            40     1   2  2  

Penalty Kill - 3 Players Forward 
   Forward                                           Time % Phy DF OF 
 1 Evgeny Grachev                                    60     1   2  2  
 2 Charlie Coyle                                     40     1   2  2  

Penalty Kill - 3 Players Defense
   Defense                  Defense                  Time % Phy DF OF 
 1 John Klingberg           Mathieu Carle            60     1   2  2  
 2 Carl Gunnarsson          Matt Corrente            40     1   2  2  

4 vs 4 Forward 
   Center                   Wing                     Time % Phy DF OF 
 1 Evgeny Grachev           Ben Smith                60     1   2  2  
 2 Mark Scheifele           Jamie Benn               40     1   2  2  

4 vs 4 Defense
   Defense                  Defense                  Time % Phy DF OF 
 1 John Klingberg           Mathieu Carle            60     1   2  2  
 2 Carl Gunnarsson          Matt Corrente            40     1   2  2  

Last Minutes Offensive
   Center                   Left Wing                Right Wing               Defense                  Defense                  
   Evgeny Grachev           Jamie Benn               Martins Karsums          John Klingberg           Mathieu Carle            

Last Minutes Defensive
   Center                   Left Wing                Right Wing               Defense                  Defense                  
   Charlie Coyle            Robbie Earl              Ben Smith                John Klingberg           Mathieu Carle            

Goaltenders
Starting : Thomas McCollum          
Backup : Olivier Roy              

Extra Forwards
Normal : Mark Scheifele, Ben Smith, Jeremy Morin - PP : Evgeny Grachev, Ben Smith - PK : Charlie Coyle
Extra Defensemen
Normal : Carl Gunnarsson, John Klingberg, Matt Corrente - PP : Carl Gunnarsson - PK : Carl Gunnarsson, Mathieu Carle
Penalty Shots
Jamie Benn, Robbie Earl, Mark Scheifele, John Klingberg, Evgeny Grachev

Carnivores

5 vs 5 Forward 
   Center                   Left Wing                Right Wing               Time % Phy DF OF 
 1 Mikael Granlund          Blake Geoffrion          Brendan Gallagher        40     1   2  2  
 2 Anton Gustafsson         Jeremy Welsh             Chris Lawrence           30     1   2  2  
 3 Markus Granlund          Lane MacDermid           Colton Orr               20     1   2  2  
 4 Zack Smith               Michael Schumacher       Mark MacMillan           10     1   2  2  

5 vs 5 Defense 
   Defense                  Defense                                           Time % Phy DF OF 
 1 Bobby Sanguinetti        Nate Schmidt                                      40     1   2  2  
 2 Phil Oreskovic           Sasha Pokulok                                     30     1   2  2  
 3 Mat Clark                Frederic St-Denis                                 20     1   2  2  
 4 Mattias Backman          Zach Jones                                        10     1   2  2  

PowerPlay Forward 
   Center                   Left Wing                Right Wing               Time % Phy DF OF 
 1 Mikael Granlund          Blake Geoffrion          Brendan Gallagher        60     1   1  3  
 2 Anton Gustafsson         Jeremy Welsh             Chris Lawrence           40     1   1  3  

PowerPlay Defense
   Defense                  Defense                                           Time % Phy DF OF 
 1 Bobby Sanguinetti        Nate Schmidt                                      60     1   2  2  
 2 Mat Clark                Phil Oreskovic                                    40     1   2  2  

Penalty Kill 4 Players Forward 
   Center                   Wing                     Time % Phy DF OF 
 1 Anton Gustafsson         Lane MacDermid           60     1   2  2  
 2 Zack Smith               Brendan Gallagher        40     1   2  2  

Penalty Kill 4 Players Defense
   Defense                  Defense                  Time % Phy DF OF 
 1 Phil Oreskovic           Sasha Pokulok            60     1   2  2  
 2 Bobby Sanguinetti        Nate Schmidt             40     1   2  2  

Penalty Kill - 3 Players Forward 
   Forward                                           Time % Phy DF OF 
 1 Chris Lawrence                                    60     1   2  2  
 2 Zack Smith                                        40     1   2  2  

Penalty Kill - 3 Players Defense
   Defense                  Defense                  Time % Phy DF OF 
 1 Phil Oreskovic           Sasha Pokulok            60     1   2  2  
 2 Bobby Sanguinetti        Nate Schmidt             40     1   2  2  

4 vs 4 Forward 
   Center                   Wing                     Time % Phy DF OF 
 1 Mikael Granlund          Blake Geoffrion          60     1   2  2  
 2 Anton Gustafsson         Chris Lawrence           40     1   2  2  

4 vs 4 Defense
   Defense                  Defense                  Time % Phy DF OF 
 1 Bobby Sanguinetti        Nate Schmidt             60     1   2  2  
 2 Phil Oreskovic           Sasha Pokulok            40     1   2  2  

Last Minutes Offensive
   Center                   Left Wing                Right Wing               Defense                  Defense                  
   Mikael Granlund          Blake Geoffrion          Brendan Gallagher        Bobby Sanguinetti        Nate Schmidt             

Last Minutes Defensive
   Center                   Left Wing                Right Wing               Defense                  Defense                  
   Anton Gustafsson         Blake Geoffrion          Brendan Gallagher        Bobby Sanguinetti        Nate Schmidt             

Goaltenders
Starting : Chad Johnson             
Backup : Antti Raanta             

Extra Forwards
Normal : Markus Granlund, Brendan Gallagher, Zack Smith - PP : Markus Granlund, Brendan Gallagher - PK : Colton Orr
Extra Defensemen
Normal : Mat Clark, Mattias Backman, Zach Jones - PP : Mat Clark - PK : Nate Schmidt, Zach Jones
Penalty Shots
Blake Geoffrion, Brendan Gallagher, Chris Lawrence, Colton Orr, Zack Smith

% Time on Ice - Influenza

Lines # - Real PCT - Wanted PCT - Time Play
Normal Forward
1 - 32% - 40% - 15:28
2 - 28% - 30% - 13:21
3 - 24% - 20% - 11:22
4 - 16% - 10% - 7:56
Normal Defense
1 - 39% - 40% - 18:53
2 - 34% - 30% - 16:18
3 - 24% - 20% - 11:25
4 - 3% - 10% - 1:31
PP Forward
1 - 57% - 60% - 5:00
2 - 43% - 40% - 3:45
PP Defense
1 - 62% - 60% - 5:26
2 - 38% - 40% - 3:19
PK Forward
1 - 73% - 60% - 1:27
2 - 27% - 40% - 0:32
PK Defense
1 - 100% - 60% - 1:59
2 - 0% - 40% - 0:00
PK3 Forward
1 - 0% - 60%
2 - 0% - 40%
PK3 Defense
1 - 0% - 60%
2 - 0% - 40%
44 Forward
1 - 0% - 60%
2 - 0% - 40%
44 Defense
1 - 0% - 60%
2 - 0% - 40%
Last Minute Offensive  - 1:09
Last Minute Defensive  - 0:00
Total
Forward - 60:00
Defense - 60:00

% Time on Ice - Carnivores

Lines # - Real PCT - Wanted PCT - Time Play
Normal Forward
1 - 34% - 40% - 16:18
2 - 27% - 30% - 13:07
3 - 22% - 20% - 10:27
4 - 17% - 10% - 8:16
Normal Defense
1 - 40% - 40% - 19:01
2 - 30% - 30% - 14:15
3 - 21% - 20% - 9:53
4 - 10% - 10% - 4:59
PP Forward
1 - 55% - 60% - 1:05
2 - 45% - 40% - 0:54
PP Defense
1 - 45% - 60% - 0:53
2 - 55% - 40% - 1:06
PK Forward
1 - 74% - 60% - 6:28
2 - 26% - 40% - 2:17
PK Defense
1 - 72% - 60% - 6:17
2 - 28% - 40% - 2:28
PK3 Forward
1 - 0% - 60%
2 - 0% - 40%
PK3 Defense
1 - 0% - 60%
2 - 0% - 40%
44 Forward
1 - 0% - 60%
2 - 0% - 40%
44 Defense
1 - 0% - 60%
2 - 0% - 40%
Last Minute Offensive  - 0:00
Last Minute Defensive  - 1:08
Total
Forward - 60:00
Defense - 60:00

Play by Play

1st period


0:01 of 1st period - Mikael Granlund wins face-off versus Evgeny Grachev in neutral zone.
0:26 of 1st period - Chris Lawrence is hit by Mathieu Carle and loses puck.
0:35 of 1st period - Wrist shot by Chris Lawrence.
0:35 of 1st period - Shot Blocked by Mathieu Carle.
0:49 of 1st period - Slapshot by Colton Orr.
0:49 of 1st period - Stopped by Thomas McCollum without a rebound.
0:50 of 1st period - Markus Granlund wins face-off versus Charlie Coyle in Influenza zone.
0:57 of 1st period - Slapshot by Colton Orr.
0:57 of 1st period - Stopped by Thomas McCollum without a rebound.
0:58 of 1st period - Zack Smith wins face-off versus Jordan Schroeder in Influenza zone.
1:27 of 1st period - Evgeny Grachev is hit by Brendan Gallagher and loses puck.
1:56 of 1st period - Nate Schmidt is hit by Jeff May and loses puck.
2:56 of 1st period - Ben Smith is hit by Zack Smith and loses puck.
3:58 of 1st period - Zach Jones is hit by Jamie Benn and loses puck.
4:08 of 1st period - Off-side.
4:09 of 1st period - Anton Gustafsson wins face-off versus Mark Scheifele in neutral zone.
4:22 of 1st period - Nate Schmidt is hit by Tim Erixon and loses puck.
5:07 of 1st period - Snap shot by Jeremy Morin.
5:07 of 1st period - Shot Blocked by Frederic St-Denis.
5:23 of 1st period - Carl Gunnarsson is hit by Mat Clark and loses puck.
5:48 of 1st period - Matt Corrente is hit by Jeremy Welsh.
5:52 of 1st period - Wrist shot by Anton Gustafsson.
5:52 of 1st period - Stopped by Thomas McCollum with a rebound.
6:06 of 1st period - Ben Smith is hit by Mikael Granlund and loses puck.
6:23 of 1st period - Tim Erixon is hit by Markus Granlund and loses puck.
7:31 of 1st period - Icing by John Klingberg.
7:32 of 1st period - Brendan Gallagher wins face-off versus Jordan Schroeder in Influenza zone.
7:33 of 1st period - Snap shot by Mikael Granlund.
7:33 of 1st period - Stopped by Thomas McCollum without a rebound.
7:34 of 1st period - Mikael Granlund wins face-off versus Evgeny Grachev in Influenza zone.
7:35 of 1st period - Snap shot by Blake Geoffrion.
7:35 of 1st period - Shot Misses the Net.
7:37 of 1st period - Minor Penalty to Mathieu Carle for Holding.
7:38 of 1st period - Mikael Granlund wins face-off versus Evgeny Grachev in Influenza zone.
8:59 of 1st period - Jeff May is hit by Blake Geoffrion and loses puck.
9:36 of 1st period - John Klingberg is hit by Bobby Sanguinetti and loses puck.
9:37 of 1st period - Penalty to Mathieu Carle is over, Mathieu Carle is back on ice.
9:57 of 1st period - Snap shot by Mark Scheifele.
9:57 of 1st period - Shot Blocked by Zach Jones.
9:59 of 1st period - Slapshot by John Klingberg.
9:59 of 1st period - Stopped by Chad Johnson without a rebound.
10:00 of 1st period - Charlie Coyle wins face-off versus Zack Smith in Carnivores zone.
10:31 of 1st period - Slapshot by Bobby Sanguinetti.
10:31 of 1st period - Stopped by Thomas McCollum without a rebound.
10:32 of 1st period - Markus Granlund wins face-off versus Evgeny Grachev in Influenza zone.
10:37 of 1st period - Slapshot by Colton Orr.
10:37 of 1st period - Stopped by Thomas McCollum with a rebound.
10:39 of 1st period - Snap shot by Lane MacDermid.
10:39 of 1st period - Stopped by Thomas McCollum with a rebound.
10:41 of 1st period - Slapshot by Frederic St-Denis.
10:41 of 1st period - Deflect By Lane MacDermid.
10:41 of 1st period - Stopped by Thomas McCollum with a rebound.
10:55 of 1st period - Jamie Benn is hit by Lane MacDermid and loses puck.
11:10 of 1st period - Colton Orr is hit by Evgeny Grachev and loses puck.
11:32 of 1st period - Snap shot by Ben Smith.
11:32 of 1st period - Shot Misses the Net.
11:46 of 1st period - Snap shot by Lane MacDermid.
11:46 of 1st period - Stopped by Thomas McCollum with a rebound.
11:48 of 1st period - Slapshot by Frederic St-Denis.
11:48 of 1st period - Shot Blocked by Evgeny Grachev.
11:50 of 1st period - Slapshot by Frederic St-Denis.
11:50 of 1st period - Stopped by Thomas McCollum without a rebound.
11:51 of 1st period - Robbie Earl wins face-off versus Mikael Granlund in Influenza zone.
12:06 of 1st period - Snap shot by Blake Geoffrion.
12:06 of 1st period - Stopped by Thomas McCollum with a rebound.
12:16 of 1st period - Chris Lawrence is hit by Matt Corrente and loses puck.
15:03 of 1st period - Jeff May is hit by Lane MacDermid.
15:13 of 1st period - Tim Erixon is hit by Mikael Granlund.
15:23 of 1st period - Anton Gustafsson is hit by Robbie Earl and loses puck.
15:56 of 1st period - Wrist shot by Blake Geoffrion.
15:56 of 1st period - Stopped by Thomas McCollum with a rebound.
16:14 of 1st period - Zack Smith is hit by Matt Corrente and loses puck.
16:49 of 1st period - Snap shot by Jordan Schroeder.
16:49 of 1st period - Stopped by Chad Johnson without a rebound.
16:50 of 1st period - Mark Scheifele wins face-off versus Mikael Granlund in Carnivores zone.
16:53 of 1st period - Slapshot by Robbie Earl.
16:53 of 1st period - Shot Misses the Net.
17:06 of 1st period - Icing by Matt Corrente.
17:07 of 1st period - Mark Scheifele wins face-off versus Anton Gustafsson in Influenza zone.
17:40 of 1st period - Wrist shot by Ben Smith.
17:40 of 1st period - Shot Blocked by Nate Schmidt.
17:42 of 1st period - Slapshot by Matt Corrente.
17:42 of 1st period - Stopped by Chad Johnson with a rebound.
17:44 of 1st period - Slapshot by Matt Corrente.
17:44 of 1st period - Shot Blocked by Nate Schmidt.
18:34 of 1st period - Martins Karsums is hit by Anton Gustafsson and loses puck.
19:30 of 1st period - Wrist shot by Colton Orr.
19:30 of 1st period - Shot Blocked by John Klingberg.
19:32 of 1st period - Wrist shot by Markus Granlund.
19:32 of 1st period - Shot Misses the Net.
Goals for this period are 0 for Influenza vs 0 for Carnivores.
Shots for this period are 3 for Influenza vs 12 for Carnivores.

2nd period


0:01 of 2nd period - Mikael Granlund wins face-off versus Evgeny Grachev in neutral zone.
0:26 of 2nd period - Bobby Sanguinetti is hit by Martins Karsums and loses puck.
1:14 of 2nd period - Wrist shot by Zack Smith.
1:14 of 2nd period - Stopped by Thomas McCollum without a rebound.
1:15 of 2nd period - Evgeny Grachev wins face-off versus Mikael Granlund in Influenza zone.
1:30 of 2nd period - Blake Geoffrion is hit by Jamie Benn and loses puck.
1:37 of 2nd period - Minor Penalty to Mikael Granlund for Slashing.
1:38 of 2nd period - Anton Gustafsson wins face-off versus Mark Scheifele in Carnivores zone.
1:38 of 2nd period - Anton Gustafsson is hit by Martins Karsums.
1:52 of 2nd period - Snap shot by Mark Scheifele.
1:52 of 2nd period - Shot Misses the Net.
1:54 of 2nd period - Slapshot by Matt Corrente.
1:54 of 2nd period - Stopped by Chad Johnson without a rebound.
1:55 of 2nd period - Evgeny Grachev wins face-off versus Anton Gustafsson in Carnivores zone.
2:00 of 2nd period - Snap shot by Robbie Earl.
2:00 of 2nd period - Shot Blocked by Lane MacDermid.
2:26 of 2nd period - Snap shot by Mathieu Carle.
2:26 of 2nd period - Goal by Mathieu Carle - Influenza : 1 - Carnivores : 0.
2:27 of 2nd period - Evgeny Grachev wins face-off versus Mikael Granlund in neutral zone.
2:52 of 2nd period - Martins Karsums is hit by Bobby Sanguinetti and loses puck.
3:19 of 2nd period - Slapshot by John Klingberg.
3:19 of 2nd period - Shot Blocked by Sasha Pokulok.
3:21 of 2nd period - Wrist shot by Jeremy Morin.
3:21 of 2nd period - Shot Misses the Net.
3:25 of 2nd period - Slapshot by John Klingberg.
3:25 of 2nd period - Stopped by Chad Johnson without a rebound.
3:26 of 2nd period - Evgeny Grachev wins face-off versus Mikael Granlund in Carnivores zone.
3:33 of 2nd period - Wrist shot by Jamie Benn.
3:33 of 2nd period - Deflect By Ben Smith.
3:33 of 2nd period - Shot Misses the Net.
3:33 of 2nd period - Puck is out of play.
3:34 of 2nd period - Mikael Granlund wins face-off versus Evgeny Grachev in Carnivores zone.
3:39 of 2nd period - Wrist shot by Bobby Sanguinetti.
3:39 of 2nd period - Stopped by Thomas McCollum with a rebound.
3:47 of 2nd period - Snap shot by Ben Smith.
3:47 of 2nd period - Stopped by Chad Johnson with a rebound.
4:07 of 2nd period - Wrist shot by Jeremy Welsh.
4:07 of 2nd period - Stopped by Thomas McCollum with a rebound.
4:09 of 2nd period - Wrist shot by Jeremy Welsh.
4:09 of 2nd period - Shot Misses the Net.
4:11 of 2nd period - Snap shot by Chris Lawrence.
4:11 of 2nd period - Goal by Chris Lawrence - Influenza : 1 - Carnivores : 1.
4:12 of 2nd period - Brendan Gallagher wins face-off versus Evgeny Grachev in neutral zone.
4:39 of 2nd period - Robbie Earl is hit by Anton Gustafsson and loses puck.
5:22 of 2nd period - John Klingberg is hit by Mikael Granlund and loses puck.
5:43 of 2nd period - Frederic St-Denis is hit by Mathieu Carle and loses puck.
7:57 of 2nd period - Snap shot by Lane MacDermid.
7:57 of 2nd period - Deflect By Colton Orr.
7:57 of 2nd period - Goal by Colton Orr - Influenza : 1 - Carnivores : 2.
7:58 of 2nd period - Mikael Granlund wins face-off versus Evgeny Grachev in neutral zone.
8:23 of 2nd period - Bobby Sanguinetti is hit by Martins Karsums and loses puck.
8:44 of 2nd period - Wrist shot by Zack Smith.
8:44 of 2nd period - Shot Blocked by Jeff May.
8:56 of 2nd period - Wrist shot by Charlie Coyle.
8:56 of 2nd period - Shot Blocked by Mat Clark.
9:04 of 2nd period - Minor Penalty to Zack Smith for Slashing.
9:05 of 2nd period - Anton Gustafsson wins face-off versus Mark Scheifele in Carnivores zone.
9:14 of 2nd period - Slapshot by John Klingberg.
9:14 of 2nd period - Shot Blocked by Anton Gustafsson.
9:36 of 2nd period - Slapshot by John Klingberg.
9:36 of 2nd period - Stopped by Chad Johnson without a rebound.
9:37 of 2nd period - Anton Gustafsson wins face-off versus Martins Karsums in Carnivores zone.
10:13 of 2nd period - Slapshot by Robbie Earl.
10:13 of 2nd period - Shot Blocked by Colton Orr.
10:47 of 2nd period - Wrist shot by Mikael Granlund.
10:47 of 2nd period - Deflect By Mathieu Carle.
10:47 of 2nd period - Shot Blocked by John Klingberg.
10:47 of 2nd period - Puck is out of play.
10:48 of 2nd period - Mikael Granlund wins face-off versus Mark Scheifele in Influenza zone.
10:51 of 2nd period - Backhand shot by Mikael Granlund.
10:51 of 2nd period - Stopped by Thomas McCollum with a rebound.
10:57 of 2nd period - Sasha Pokulok is hit by John Klingberg and loses puck.
11:04 of 2nd period - Penalty to Zack Smith is over, Zack Smith is back on ice.
11:13 of 2nd period - Anton Gustafsson is hit by Ben Smith.
11:55 of 2nd period - Snap shot by Ryan Russell.
11:55 of 2nd period - Shot Misses the Net.
12:55 of 2nd period - Brendan Gallagher is hit by T.J Galiardi and loses puck.
13:12 of 2nd period - Snap shot by Zack Smith.
13:12 of 2nd period - Stopped by Thomas McCollum without a rebound.
13:13 of 2nd period - Zack Smith wins face-off versus Jamie Benn in Influenza zone.
13:22 of 2nd period - Wrist shot by Zack Smith.
13:22 of 2nd period - Stopped by Thomas McCollum with a rebound.
13:24 of 2nd period - Slapshot by Sasha Pokulok.
13:24 of 2nd period - Shot Misses the Net.
13:26 of 2nd period - Slapshot by Phil Oreskovic.
13:26 of 2nd period - Shot Misses the Net.
13:36 of 2nd period - Slapshot by Zack Smith.
13:36 of 2nd period - Stopped by Thomas McCollum with a rebound.
13:38 of 2nd period - Backhand shot by Mark MacMillan.
13:38 of 2nd period - Deflect By Zack Smith.
13:38 of 2nd period - Stopped by Thomas McCollum without a rebound.
13:39 of 2nd period - Mark Scheifele wins face-off versus Mikael Granlund in Influenza zone.
14:32 of 2nd period - Snap shot by Jamie Benn.
14:32 of 2nd period - Stopped by Chad Johnson with a rebound.
14:57 of 2nd period - Slapshot by John Klingberg.
14:57 of 2nd period - Deflect By Sasha Pokulok.
14:57 of 2nd period - Stopped by Chad Johnson without a rebound.
14:58 of 2nd period - Mikael Granlund wins face-off versus Mark Scheifele in Carnivores zone.
15:11 of 2nd period - Wrist shot by Martins Karsums.
15:11 of 2nd period - Stopped by Chad Johnson without a rebound.
15:12 of 2nd period - Evgeny Grachev wins face-off versus Anton Gustafsson in Carnivores zone.
15:26 of 2nd period - Minor Penalty to Jeremy Welsh for Holding.
15:27 of 2nd period - Anton Gustafsson wins face-off versus Mark Scheifele in Carnivores zone.
15:40 of 2nd period - Slapshot by John Klingberg.
15:40 of 2nd period - Stopped by Chad Johnson without a rebound.
15:41 of 2nd period - Mark Scheifele wins face-off versus Anton Gustafsson in Carnivores zone.
15:54 of 2nd period - Wrist shot by Mark Scheifele.
15:54 of 2nd period - Shot Misses the Net.
15:56 of 2nd period - Slapshot by John Klingberg.
15:56 of 2nd period - Stopped by Chad Johnson with a rebound.
16:16 of 2nd period - Slapshot by Evgeny Grachev.
16:16 of 2nd period - Stopped by Chad Johnson with a rebound.
16:44 of 2nd period - Snap shot by Bobby Sanguinetti.
16:44 of 2nd period - Shot Blocked by Mathieu Carle.
16:46 of 2nd period - Snap shot by Zack Smith.
16:46 of 2nd period - Shot Misses the Net.
17:26 of 2nd period - Penalty to Jeremy Welsh is over, Jeremy Welsh is back on ice.
17:44 of 2nd period - Wrist shot by Blake Geoffrion.
17:44 of 2nd period - Stopped by Thomas McCollum with a rebound.
18:04 of 2nd period - Wrist shot by Corey Tropp.
18:04 of 2nd period - Deflect By Ryan Russell.
18:04 of 2nd period - Stopped by Chad Johnson without a rebound.
18:05 of 2nd period - Blake Geoffrion wins face-off versus Charlie Coyle in Carnivores zone.
18:20 of 2nd period - Snap shot by T.J Galiardi.
18:20 of 2nd period - Goal by T.J Galiardi - Influenza : 2 - Carnivores : 2.
18:21 of 2nd period - Mikael Granlund wins face-off versus Evgeny Grachev in neutral zone.
19:19 of 2nd period - Wrist shot by Mikael Granlund.
19:19 of 2nd period - Stopped by Thomas McCollum without a rebound.
19:20 of 2nd period - Evgeny Grachev wins face-off versus Jeremy Welsh in Influenza zone.
19:33 of 2nd period - Evgeny Grachev is hit by Chris Lawrence and loses puck.
19:46 of 2nd period - Martins Karsums is hit by Lane MacDermid.
Goals for this period are 2 for Influenza vs 2 for Carnivores.
Shots for this period are 13 for Influenza vs 12 for Carnivores.

3rd period


0:01 of 3rd period - Mikael Granlund wins face-off versus Evgeny Grachev in neutral zone.
0:38 of 3rd period - Martins Karsums is hit by Chris Lawrence and loses puck.
0:57 of 3rd period - Slapshot by Ryan Russell.
0:57 of 3rd period - Shot Blocked by Nate Schmidt.
1:03 of 3rd period - Snap shot by Jordan Schroeder.
1:03 of 3rd period - Deflect By Corey Tropp.
1:03 of 3rd period - Shot Blocked by Bobby Sanguinetti.
1:03 of 3rd period - Puck is out of play.
1:04 of 3rd period - Evgeny Grachev wins face-off versus Mikael Granlund in Carnivores zone.
1:31 of 3rd period - Icing by Markus Granlund.
1:32 of 3rd period - Markus Granlund wins face-off versus Mark Scheifele in Carnivores zone.
1:43 of 3rd period - Wrist shot by Colton Orr.
1:43 of 3rd period - Stopped by Thomas McCollum with a rebound.
2:25 of 3rd period - Wrist shot by Jeremy Morin.
2:25 of 3rd period - Stopped by Chad Johnson without a rebound.
2:26 of 3rd period - Evgeny Grachev wins face-off versus Mikael Granlund in Carnivores zone.
2:31 of 3rd period - Wrist shot by Ben Smith.
2:31 of 3rd period - Shot Misses the Net.
2:52 of 3rd period - Minor Penalty to Sasha Pokulok for Hooking.
2:53 of 3rd period - Anton Gustafsson wins face-off versus Mark Scheifele in Carnivores zone.
3:04 of 3rd period - Snap shot by Martins Karsums.
3:04 of 3rd period - Stopped by Chad Johnson without a rebound.
3:05 of 3rd period - Anton Gustafsson wins face-off versus Mark Scheifele in Carnivores zone.
3:16 of 3rd period - Slapshot by Mathieu Carle.
3:16 of 3rd period - Shot Misses the Net.
3:42 of 3rd period - Wrist shot by Robbie Earl.
3:42 of 3rd period - Shot Misses the Net.
4:52 of 3rd period - Penalty to Sasha Pokulok is over, Sasha Pokulok is back on ice.
5:04 of 3rd period - Snap shot by Jeremy Morin.
5:04 of 3rd period - Stopped by Chad Johnson with a rebound.
5:06 of 3rd period - Wrist shot by Jeremy Morin.
5:06 of 3rd period - Stopped by Chad Johnson with a rebound.
5:08 of 3rd period - Snap shot by Jeremy Morin.
5:08 of 3rd period - Deflect By Charlie Coyle.
5:08 of 3rd period - Shot Blocked by Mat Clark.
5:08 of 3rd period - Puck is out of play.
5:09 of 3rd period - Zack Smith wins face-off versus Jordan Schroeder in Carnivores zone.
5:24 of 3rd period - Snap shot by Ryan Russell.
5:24 of 3rd period - Stopped by Chad Johnson without a rebound.
5:25 of 3rd period - Evgeny Grachev wins face-off versus Mikael Granlund in Carnivores zone.
5:52 of 3rd period - Robbie Earl is hit by Nate Schmidt and loses puck.
6:11 of 3rd period - Snap shot by Ryan Russell.
6:11 of 3rd period - Stopped by Chad Johnson without a rebound.
6:12 of 3rd period - Jordan Schroeder wins face-off versus Markus Granlund in Carnivores zone.
6:19 of 3rd period - Slapshot by Ryan Russell.
6:19 of 3rd period - Shot Misses the Net.
6:30 of 3rd period - Icing by Sasha Pokulok.
6:31 of 3rd period - Evgeny Grachev wins face-off versus Markus Granlund in Carnivores zone.
6:39 of 3rd period - Icing by Phil Oreskovic.
6:40 of 3rd period - Evgeny Grachev wins face-off versus Colton Orr in Carnivores zone.
7:00 of 3rd period - Off-side.
7:01 of 3rd period - Mikael Granlund wins face-off versus Robbie Earl in neutral zone.
7:04 of 3rd period - Slapshot by Bobby Sanguinetti.
7:04 of 3rd period - Shot Misses the Net.
7:10 of 3rd period - Brendan Gallagher is hit by Carl Gunnarsson and loses puck.
7:18 of 3rd period - Nate Schmidt is hit by Matt Corrente and loses puck.
7:33 of 3rd period - Wrist shot by Ben Smith.
7:33 of 3rd period - Stopped by Chad Johnson with a rebound.
7:53 of 3rd period - Slapshot by Phil Oreskovic.
7:53 of 3rd period - Stopped by Thomas McCollum with a rebound.
7:59 of 3rd period - Slapshot by Sasha Pokulok.
7:59 of 3rd period - Shot Misses the Net.
8:01 of 3rd period - Slapshot by Phil Oreskovic.
8:01 of 3rd period - Deflect By Lane MacDermid.
8:01 of 3rd period - Stopped by Thomas McCollum without a rebound.
8:02 of 3rd period - Mikael Granlund wins face-off versus Evgeny Grachev in Influenza zone.
8:05 of 3rd period - Slapshot by Mikael Granlund.
8:05 of 3rd period - Deflect By Blake Geoffrion.
8:05 of 3rd period - Goal by Blake Geoffrion - Influenza : 2 - Carnivores : 3.
8:06 of 3rd period - Mikael Granlund wins face-off versus Evgeny Grachev in neutral zone.
8:45 of 3rd period - Snap shot by Anton Gustafsson.
8:45 of 3rd period - Shot Blocked by John Klingberg.
9:25 of 3rd period - Nate Schmidt is hit by John Klingberg and loses puck.
9:42 of 3rd period - Mikael Granlund is hit by Ben Smith and loses puck.
10:02 of 3rd period - Icing by Chris Lawrence.
10:03 of 3rd period - Anton Gustafsson wins face-off versus Mark Scheifele in Carnivores zone.
10:03 of 3rd period - Anton Gustafsson is hit by Mark Scheifele.
10:13 of 3rd period - Wrist shot by Robbie Earl.
10:13 of 3rd period - Shot Misses the Net.
11:09 of 3rd period - Mark MacMillan is hit by Ryan Russell and loses puck.
11:34 of 3rd period - Robbie Earl is hit by Colton Orr and loses puck.
11:47 of 3rd period - Wrist shot by Mark Scheifele.
11:47 of 3rd period - Shot Misses the Net.
11:55 of 3rd period - Snap shot by Jamie Benn.
11:55 of 3rd period - Stopped by Chad Johnson with a rebound.
12:19 of 3rd period - Slapshot by Carl Gunnarsson.
12:19 of 3rd period - Stopped by Chad Johnson without a rebound.
12:20 of 3rd period - Mikael Granlund wins face-off versus Evgeny Grachev in Carnivores zone.
12:25 of 3rd period - Ben Smith is hit by Blake Geoffrion and loses puck.
12:58 of 3rd period - Minor Penalty to Mattias Backman for Holding Stick.
12:59 of 3rd period - Anton Gustafsson wins face-off versus Mark Scheifele in Carnivores zone.
14:06 of 3rd period - Wrist shot by Robbie Earl.
14:06 of 3rd period - Shot Misses the Net.
14:08 of 3rd period - Wrist shot by Evgeny Grachev.
14:08 of 3rd period - Shot Blocked by Nate Schmidt.
14:10 of 3rd period - Slapshot by Matt Corrente.
14:10 of 3rd period - Deflect By Evgeny Grachev.
14:10 of 3rd period - Shot Misses the Net.
14:10 of 3rd period - Puck is out of play.
14:11 of 3rd period - Mark Scheifele wins face-off versus Zack Smith in Carnivores zone.
14:58 of 3rd period - Penalty to Mattias Backman is over, Mattias Backman is back on ice.
15:04 of 3rd period - Mikael Granlund is hit by Matt Corrente and loses puck.
16:17 of 3rd period - Nate Schmidt is hit by Mark Scheifele and loses puck.
17:18 of 3rd period - Mat Clark is hit by Robbie Earl and loses puck.
17:41 of 3rd period - Mikael Granlund is hit by John Klingberg and loses puck.
18:46 of 3rd period - Zach Jones is hit by Martins Karsums and loses puck.
18:57 of 3rd period - Brendan Gallagher is hit by Evgeny Grachev and loses puck.
19:14 of 3rd period - Influenza, Thomas McCollum is pulled from the net.
19:22 of 3rd period - Backhand shot by Martins Karsums.
19:22 of 3rd period - Shot Misses the Net.
19:24 of 3rd period - Slapshot by Jamie Benn.
19:24 of 3rd period - Shot Misses the Net.
19:26 of 3rd period - Wrist shot by Martins Karsums.
19:26 of 3rd period - Deflect By Jamie Benn.
19:26 of 3rd period - Shot Misses the Net.
19:26 of 3rd period - Puck is out of play.
19:27 of 3rd period - Joel Quenneville call a timeout for Influenza.
19:27 of 3rd period - Jamie Benn wins face-off versus Anton Gustafsson in Carnivores zone.
19:28 of 3rd period - Wrist shot by Martins Karsums.
19:28 of 3rd period - Shot Misses the Net.
19:30 of 3rd period - Snap shot by Evgeny Grachev.
19:30 of 3rd period - Shot Blocked by Anton Gustafsson.
19:36 of 3rd period - Wrist shot by Martins Karsums.
19:36 of 3rd period - Stopped by Chad Johnson with a rebound.
19:38 of 3rd period - Snap shot by Evgeny Grachev.
19:38 of 3rd period - Deflect By Jamie Benn.
19:38 of 3rd period - Shot Misses the Net.
19:38 of 3rd period - Puck is out of play.
19:39 of 3rd period - Evgeny Grachev wins face-off versus Anton Gustafsson in Carnivores zone.
19:57 of 3rd period - Icing by Nate Schmidt.
19:58 of 3rd period - Anton Gustafsson wins face-off versus Evgeny Grachev in Carnivores zone.
Goals for this period are 0 for Influenza vs 1 for Carnivores.
Shots for this period are 10 for Influenza vs 4 for Carnivores.